 Dungeon Crawl Stone Soup version 0.30-a0-12-gd8047c6341 (webtiles) character file.

Game seed: 1662033002812754233

118 IdlyInterested the Conjurer (level 4, 0/33 HPs)
             Began as a Demonspawn Wanderer on Aug 23, 2022.
             Slain by a rat (2 damage)
             ... on level 3 of the Dungeon.
             The game lasted 00:08:58 (2669 turns).

IdlyInterested the Conjurer (Demonspawn Wanderer)   Turns: 2669, Time: 00:09:00

Health: 0/33       AC:  6    Str: 10    XL:     4   Next: 72%
Magic:  3/5        EV: 11    Int: 14    God:
Gold:   90         SH:  5    Dex: 16    Spells: 4/5 levels left

rFire   . . .      SeeInvis .    a - +1 falchion
rCold   . . .      Faith    .    b - +0 buckler
rNeg    . . .      Spirit   .    h - +0 leather armour
rPois   .          Reflect  .    (no helmet)
rElec   .          Harm     .    (no cloak)
rCorr   .          Rampage  .    g - +2 pair of gloves
Will    .....                    (no boots)
Stlth   ++........               (no amulet)
HPRegen 0.11/turn                (no ring)
MPRegen 0.09/turn                (no ring)

@: no status effects
A: demonic magic 1
a: no special abilities


You were on level 3 of the Dungeon.
You visited 1 branch of the dungeon, and saw 3 of its levels.

You collected 90 gold pieces.

Inventory:

Hand Weapons
 a - a +1 falchion (weapon)
 l - a +0 dagger
Armour
 b - a +0 buckler (worn)
 d - a +0 robe
 g - a +2 pair of gloves (worn)
 h - a +0 leather armour (worn)
 k - a +0 ring mail
Magical Staves
 m - a staff of air
Scrolls
 c - a scroll of fear
 j - a scroll of identify {unknown}
 n - a scroll of enchant armour {unknown}
Potions
 e - 2 potions of haste {unknown}
 f - 2 potions of brilliance {unknown}
 i - a potion of flight {unknown}


   Skills:
 - Level 2.0 Fighting
 * Level 2.5 Long Blades
 - Level 1.0 Throwing
 - Level 1.0 Armour
 - Level 1.0 Dodging
 - Level 1.0 Stealth
 - Level 2.6 Shields
 + Level 1.2 Spellcasting
 + Level 2.7 Conjurations
 - Level 1.0 Evocations


You had 4 spell levels left.
You knew the following spells:

 Your Spells              Type           Power      Damage    Failure   Level
a - Magic Dart            Conj           32%        1d4       16%         1

Your spell library contained the following spells:

 Spells                   Type           Power      Damage    Failure   Level
 Searing Ray              Conj           16%        2d5       22%         2
 Dazzling Flash           Conj/Hex       8%         N/A       61%         3
 Summon Guardian Golem    Hex/Summ       0%         N/A       80%         3
 Iskenderun's Mystic Bla  Conj/Tloc      4%         2d3       95%         4
 Conjure Ball Lightning   Conj/Air       2%         3x3d6     100%        6
 Starburst                Conj/Fire      2%         6d3       100%        6
 Orb of Destruction       Conj           4%         9d5       100%        7
 Spellforged Servitor     Conj/Summ      2%         N/A       100%        7
 Discord                  Hex            0%         N/A       100%        8
 Disjunction              Tloc           0%         N/A       100%        8


Dungeon Overview and Level Annotations

Branches:
Dungeon (3/15)

Altars:


Innate Abilities, Weirdness & Mutations

Spells you cast may paralyse adjacent enemies.


Message History

* * * LOW HITPOINT WARNING * * *
The helpless orc fails to defend itself.
You hit the orc.
You kill the orc!
The orc is no longer paralysed.
The rat bites you but does no damage.
Aiming: Magic Dart (safe; 16% risk of failure)
Press: ? - help, Q - select action Shift-Dir - straight line, f - orc
Aim: an orc, wielding a +0 dagger (100% to hit)
The magic dart hits the orc.
The orc is moderately wounded.
Malevolent energies surge around you.
The orc suddenly stops moving!
The giant cockroach suddenly stops moving!
The orc hits you with a +0 dagger.
* * * LOW HITPOINT WARNING * * *
You block the rat's attack.
The helpless orc fails to defend itself.
You slash the orc!
You kill the orc!
The orc closely misses you. The rat bites you but does no damage.
The helpless giant cockroach fails to defend itself.
You hit the giant cockroach.
You kill the giant cockroach!
The orc barely misses you. You block the rat's attack.
You barely miss the orc. The orc hits you but does no damage.
The orc misses you. The rat barely misses you. The orc barely misses you.
The rat closely misses you. The orc hits you but does no damage.
Aiming: Magic Dart (safe; 16% risk of failure)
Press: ? - help, Q - select action Shift-Dir - straight line, f/p - orc
Aim: an orc, wielding a +0 dagger (moderately wounded, 100% to hit)
The magic dart hits the orc.
The orc is almost dead.
Malevolent energies surge around you.
The orc suddenly stops moving!
The orc hits you but does no damage. The rat closely misses you.
The helpless orc fails to defend itself.
You hit the orc.
The orc is severely wounded.
The orc hits you with a +0 dagger.
* * * LOW HITPOINT WARNING * * *
The rat bites you.
You die...

.......?.....
............#
..).........##
.............#
.............
###....!...#
......oor.##
#@)..#
###.$....
#..## ##


You could see 2 orcs and a rat.

Vanquished Creatures
  Jessica (D:3)
  An orc wizard (D:3)
  An adder (D:2)
  A worm (D:2)
  A dart slug (D:1)
  2 orcs (D:3)
  7 ball pythons
  4 endoplasms
  2 giant cockroaches
  5 goblins
  4 hobgoblins
  6 jackals
  A kobold (D:2)
  4 quokkas
  2 bats
  2 frilled lizards
  4 rats
48 creatures vanquished.

Notes
Turn   | Place    | Note
-------+----------+-------------------------------------------
     0 | D:1      | IdlyInterested the Demonspawn Wanderer began the quest for
                  | the Orb.
     0 | D:1      | IdlyInterested set off with the following items: a +0
                  | falchion, a +0 buckler, a scroll of fear, a +0 robe; and
                  | the following spell memorised: Magic Dart; and the
                  | following spells available to memorise: Searing Ray,
                  | Iskenderun's Mystic Blast.
     0 | D:1      | Reached XP level 1. HP: 15/15 MP: 2/2
   523 | D:1      | Gained mutation: Spells you cast may paralyse adjacent
                  | enemies. [demonic ancestry]
   523 | D:1      | Reached XP level 2. HP: 17/21 MP: 0/3
   772 | D:1      | Reached skill level 1 in Armour
   900 | D:1      | Found a faded altar of an unknown god.
  1803 | D:2      | Reached XP level 3. HP: 21/26 MP: 0/4
  2190 | D:2      | Reached skill level 1 in Stealth
  2641 | D:3      | Noticed Jessica
  2646 | D:3      | Killed Jessica
  2647 | D:3      | Reached XP level 4. HP: 30/33 MP: 3/5
  2648 | D:3      | Reached skill level 1 in Throwing
  2669 | D:3      | Slain by a rat

Illustrated notes

Levels and vault maps discovered:
D:1:      minmay_arrival_split_and_join, layout_basic,
          shapermc_ecumenical_altar_acropolis
D:2:      layout_rooms
D:3:      layout_rooms, nicolae_dithmenos_shadow_blocks, elyvilon_altar_3,
          serial_park_tiny_2, uniq_jessica

Skill      XL: |  1  2  3  4 |
---------------+-------------+-----
Armour         | 1 |  1.0
Stealth        | 1 |  1.0
Long Blades    | 2 |  2.5
Fighting       | 2 |  2.0
Throwing       | 1 |  1.0
Dodging        | |  1.0
Shields        | |  2.6
Spellcasting   | |  1.2
Conjurations   | |  2.7
Evocations     | |  1.0

Action                   |  1- 3 |  4- 6 || total
-------------------------+-------+-------++-------
Melee: Falchion          |    97 |    20 ||   117
 Cast: Magic Dart        |    40 |     3 ||    43
  Use: Scroll            |     4 |       ||     4
 Stab: Paralysed         |     1 |     6 ||     7
       Sleeping          |     1 |       ||     1
Armor: Robe              |    18 |       ||    18
       Leather armour    |    11 |    25 ||    36
       Ring mail         |     1 |       ||     1
Dodge: Dodged            |    57 |    18 ||    75
Block: Buckler           |    29 |    12 ||    41

Table legend: (Time is in decaauts)
 A = Elapsed time spent in this place.
 B = Non-inter-level travel time spent in this place.
 C = Inter-level travel time spent in this place.
 D = Time resting spent in this place.
 E = Time spent auto-exploring this place.
 F = Levels seen in this place.
 G = Mean time per level.
                   A        B        C        D        E       F      G
               +--------+--------+--------+--------+--------+-----+--------+
         Total |   2700 |   2553 |    147 |    984 |   1047 |   3 |  900.0 |
       Dungeon |   2700 |   2553 |    147 |    984 |   1047 |   3 |  900.0 |
               +--------+--------+--------+--------+--------+-----+--------+

Top non-repeatable levels by time:
     D:1: 1960 daAuts
     D:2: 706 daAuts
     D:3: 33 daAuts
